 Dungeon Crawl Stone Soup version 0.24.1-14-gf8d2b509d9 (webtiles) character file.

Game seed: 678143692404018822, levelgen mode: deterministic

140 tkbsonic5 the Magician (level 5, -7/36 HPs)
             Began as a Demonspawn Wizard on Dec 5, 2022.
             Mangled by a wight
             ... wielding a +3 battleaxe
              (12 damage)
             ... on level 2 of the Dungeon.
             The game lasted 00:17:01 (2426 turns).

tkbsonic5 the Magician (Demonspawn Wizard)          Turns: 2426, Time: 00:17:02

Health: -7/36      AC:  5    Str:  7    XL:     5   Next: 2%
Magic:  0/10       EV: 11    Int: 20    God:
Gold:   48         SH:  0    Dex: 12    Spells: 1/11 levels left

rFire    . . .     SeeInvis .   n - +4 mace
rCold    . . .     Gourm    .   (no shield)
rNeg     . . .     Faith    .   a - +0 robe
rPois    .         Spirit   .   b - +0 hat
rElec    .         Reflect  .   (no cloak)
rCorr    .         Harm     .   (no gloves)
MR       +....                  (no boots)
Stlth    ++........             (no amulet)
HPRegen  0.12/turn              g - +3 ring of protection
MPRegen  0.12/turn              f - ring of protection from magic

@: drained
A: antennae 2, nightstalker 1
a: no special abilities


You were on level 2 of the Dungeon.
You were not hungry.

You visited 1 branch of the dungeon, and saw 3 of its levels.

You collected 48 gold pieces.

Inventory:

Hand Weapons
 c - a +0 club
 h - a +0 short sword
 i - a +0 great sword
 j - a +0 spear
 n - a +4 mace (weapon)
Armour
 a - a +0 robe (worn)
 b - a +0 hat (worn)
Jewellery
 f - a ring of protection from magic (right hand)
 g - a +3 ring of protection (left hand)
 k - an uncursed ring of flight
Scrolls
 l - 2 scrolls of remove curse
 m - a scroll of teleportation
Potions
 e - a potion of curing
Comestibles
 d - 4 rations


   Skills:
 * Level 0.8(0.0) Fighting
 - Level 0.3(0.0) Long Blades
 * Level 0.0 Maces & Flails
 - Level 0.7(0.0) Polearms
 - Level 1.7(0.7) Dodging
 - Level 1.7(0.7) Stealth
 * Level 3.8(2.8) Spellcasting
 + Level 2.3(1.3) Conjurations
 + Level 1.1(0.1) Hexes
 * Level 2.1(1.1) Summonings
 + Level 1.3(0.3) Translocations


You had one spell level left.
You knew the following spells:

 Your Spells              Type           Power        Failure   Level  Hunger
a - Magic Dart            Conj           #...         9%          1    None
b - Call Imp              Summ           #.......     14%         2    ##.....
c - Blink                 Tloc           N/A          19%         2    ##.....
d - Slow                  Hex            #.......     21%         2    ##.....
e - Conjure Flame         Conj/Fire      #.......     32%         3    ###....

Your spell library contained the following spells:

 Spells                   Type           Power        Failure   Level  Hunger
 Mephitic Cloud           Conj/Pois/Air  #.......     36%         3    ###....


Dungeon Overview and Level Annotations

Branches:
Dungeon (3/15)

Altars:
Fedhas


Innate Abilities, Weirdness & Mutations

You have a pair of antennae on your head.
You are slightly more attuned to the shadows.


Message History

Press: ? - help, Shift-Dir - straight line, f/p - wight
Aim: a wight, wielding a +3 battleaxe and wearing a +0 robe (moderately damaged)
The magic dart hits the wight.
The wight is heavily damaged.
The wight barely misses you.
You barely miss the wight.
The wight is heavily damaged.
The wight barely misses you.
You barely miss the wight.
The wight is heavily damaged.
The wight barely misses you.
You hit the wight but do no damage.
The wight is heavily damaged.
The wight closely misses you.
You barely miss the wight.
The wight is heavily damaged.
The wight hits you with a +3 battleaxe!
* * * LOW HITPOINT WARNING * * *
The wight hits you with a +3 battleaxe!
You die...

########.####.#
#...#.......#.#
#†..#.......#.#
#...#.......#.######
####...#.........#.....
#..............###.####
#.#######.##.#####.#
#.#######.##.......####
#.....@z...............
#.....[......(.....)...
#......##..###...######
#......##..# #...#
#..........#######
#######.#......###
#<###......# #.#
#......# ### #......#


You could see a wight.

Vanquished Creatures
  2 wights (D:2)
  An adder (D:2)
  2 oozes (D:1)
  A dart slug (D:2)
  An orc (D:3)
  A giant cockroach (D:2)
  3 hobgoblins
  4 jackals
  A quokka (D:2)
  4 bats
  2 goblins (D:2)
  4 kobolds
  4 rats
30 creatures vanquished.

Vanquished Creatures (collateral kills)
  A worm (D:2)
  4 dart slugs
  An orc (D:3)
  3 goblins
  A hobgoblin (D:1)
  7 jackals
  2 kobolds (D:2)
  A quokka (D:2)
  3 frilled lizards (D:1)
  A rat (D:1)
24 creatures vanquished.

Grand Total: 54 creatures vanquished

Notes
Turn   | Place    | Note
-------+----------+-------------------------------------------
     0 | D:1      | tkbsonic5 the Demonspawn Wizard began the quest for the
                  | Orb.
     0 | D:1      | Reached XP level 1. HP: 13/13 MP: 4/4
   418 | D:1      | Gained mutation: You have a pair of small antennae on your
                  | head. [demonic ancestry]
   418 | D:1      | Reached XP level 2. HP: 20/20 MP: 0/6
   422 | D:1      | Learned a level 2 spell: Call Imp
   425 | D:1      | Learned a level 2 spell: Blink
   428 | D:1      | Learned a level 2 spell: Slow
   881 | D:1      | Reached skill level 1 in Translocations
  1084 | D:2      | Reached XP level 3. HP: 21/25 MP: 1/7
  1951 | D:2      | Reached skill level 1 in Hexes
  1951 | D:2      | Gained mutation: You are slightly more attuned to the
                  | shadows. [demonic ancestry]
  1951 | D:2      | Reached XP level 4. HP: 29/31 MP: 3/9
  1960 | D:2      | Learned a level 3 spell: Conjure Flame
  2285 | D:3      | Found a blossoming altar of Fedhas.
  2359 | D:2      | Gained mutation: You have a pair of antennae on your head.
                  | [demonic ancestry]
  2359 | D:2      | Reached XP level 5. HP: 24/36 MP: 1/10
  2426 | D:2      | Mangled by a wight

Levels and vault maps discovered:
D:1:      wander_arrival_fairy_ring, layout_loops_ring, grunt_decor_arrowhead,
          st_stairs_7, hangedman_decor_growths
D:2:      layout_basic, first_ration
D:3:      wander_river, layout_loops_cross, fedhas_altar_3

Skill      XL: |  1  2  3  4 |
---------------+-------------+-----
Translocations | 1 |  1.3
Conjurations   | 2 |  2.3
Hexes          | 1 |  1.1
Summonings     | 2 |  2.1
Fighting       | |  0.8
Long Blades    | |  0.3
Polearms       | |  0.7
Dodging        | |  1.7
Stealth        | |  1.7
Spellcasting   | |  3.8

Action                   |  1- 3 |  4- 6 || total
-------------------------+-------+-------++-------
Melee: Club              |    12 |       ||    12
       Unarmed           |     2 |       ||     2
       Spear             |    66 |       ||    66
       Great sword       |       |    10 ||    10
       Mace              |       |     8 ||     8
 Cast: Magic Dart        |    61 |     6 ||    67
       Call Imp          |    25 |     5 ||    30
       Slow              |     4 |     4 ||     8
       Blink             |     2 |     3 ||     5
  Use: Scroll            |     3 |     1 ||     4
       Potion            |     2 |     1 ||     3
 Stab: Invisible         |     4 |       ||     4
  Eat: Chunk             |     1 |       ||     1
       Ration            |     2 |       ||     2
Armor: Robe              |    17 |       ||    17
Dodge: Dodged            |    66 |    16 ||    82
       Rpst.: Great sword |       |     4 ||     4
